Map: Odyssey LE

Players

Zest - Winner!

  • Race: Protoss Protoss
  • League: Master
  • Spawn Location: 5:00

HeroMarine

  • Race: Terran Terran
  • League: Master
  • Spawn Location: 11:00

Event: HomeStory Cup XVI

VOD

Have the link to the VOD?

Description

Time

  • Played on: Nov. 10, 2017, 2:49 p.m.
  • Length: 9:32

All games in this series

Show
View Real Time Build Order
Export as new Build Order

Zest Protoss - Winner!

Build Orders: Oracle Opening, Blink Stalkers 

Get SALT Encoding   

  12  0:08  Pylon  
  13  0:14  Probe (Chrono Boost)  
  13  0:26  Probe (Chrono Boost)  
  14  0:29  Gateway  
  14  0:38  Probe (Chrono Boost)  
  14  0:41  Assimilator  
  15  0:46  Assimilator  
  16  0:50  Probe (Chrono Boost)  
  16  1:03  Probe (Chrono Boost)  
  17  1:15  Probe (Chrono Boost)  
  17  1:16  Cybernetics Core  
  19  1:26  Pylon  
  19  1:27  Probe (Chrono Boost)  
  19  1:39  Probe (Chrono Boost)  
  20  1:43  Adept  
  20  1:51  Probe (Chrono Boost)  
  20  1:52  Stargate  
  23  2:03  Warp Gate, Probe (Chrono Boost)  
  24  2:15  Probe (Chrono Boost)  
  25  2:20  Oracle  
  25  2:27  Probe (Chrono Boost)  
  29  2:47  Nexus  
  29  2:52  Pylon  
  29  3:00  Oracle  
  31  3:17  Probe (Chrono Boost)  
  32  3:22  Twilight Council  
  32  3:29  Probe (Chrono Boost)  
  32  3:30  Blink  
  33  3:37  Gateway  
  33  3:38  Gateway  
  34  3:42  Probe (Chrono Boost)  
  33  3:55  Probe (Chrono Boost)  
  34  4:04  Probe (Chrono Boost)  
  34  4:07  Probe (Chrono Boost)  
  36  4:12  Stalker  
  36  4:16  Probe (Chrono Boost)  
  39  4:19  Probe (Chrono Boost)  
  37  4:33  Probe (Chrono Boost)  
  38  4:39  Pylon  
  38  4:41  Probe (Chrono Boost)  
  38  4:45  Stalker x3  
  43  4:48  Probe (Chrono Boost)  
  43  4:50  Pylon  
  46  4:59  Probe (Chrono Boost)  
  47  5:01  Probe (Chrono Boost)  
  48  5:11  Probe (Chrono Boost)  
  48  5:13  Probe (Chrono Boost)  
  50  5:19  Nexus  
  50  5:22  Pylon  
  50  5:23  Probe (Chrono Boost)  
  50  5:25  Probe (Chrono Boost)  
  52  5:35  Probe (Chrono Boost)  
  53  5:37  Probe (Chrono Boost)  
  54  5:47  Probe (Chrono Boost)  
  54  5:49  Probe (Chrono Boost)  
  56  5:51  Forge  
  56  5:54  Gateway x2  
  56  5:55  Gateway, Protoss Ground Armor Level 1  
  56  5:56  Pylon  
  56  5:58  Charge  
  56  5:59  Gateway, Probe (Chrono Boost)  
  56  6:01  Probe (Chrono Boost)  
  58  6:08  Sentry x3  
  58  6:11  Probe (Chrono Boost), Pylon  
  65  6:13  Gateway  
  65  6:25  Probe x2 (Chrono Boost)  
  67  6:32  Pylon  
  68  6:33  Probe (Chrono Boost)  
  68  6:36  Stalker  
  68  6:37  Stalker  
  68  6:38  Stalker  
  74  6:44  Probe x2 (Chrono Boost)  
  77  6:47  Probe (Chrono Boost)  
  77  6:49  Pylon  
  77  6:56  Probe x2 (Chrono Boost)  
  77  7:00  Probe (Chrono Boost)  
  80  7:02  Nexus  
  80  7:04  Pylon  
  80  7:08  Probe x2 (Chrono Boost)  
  82  7:13  Probe (Chrono Boost)  
  82  7:15  Pylon  
  83  7:17  Assimilator  
  83  7:20  Probe x2 (Chrono Boost)  
  83  7:21  Assimilator  
  85  7:25  Pylon  
  86  7:30  Pylon  
  86  7:31  Probe (Chrono Boost)  
  86  7:32  Zealot x8, Probe x2 (Chrono Boost)  
  86  7:34  Robotics Facility  
  104  7:40  Assimilator  
  104  7:51  Photon Cannon  
  104  8:10  Stalker  
  104  8:11  Stalker x7  
  120  8:21  Observer  
  120  8:33  Immortal  
  121  8:35  Zealot  
  121  8:36  Zealot x7  
  139  8:59  Stalker x8  
  110  9:28  Stalker x8  
Show
View Real Time Build Order
Export as new Build Order

HeroMarine Terran 

Build Orders: Cyclone Opening, Gas First Reaper Expand, Reaper Expand, MMM Bio 

Get SALT Encoding   

  12  0:00  SCV  
  13  0:13  SCV  
  14  0:17  Supply Depot  
  14  0:25  SCV  
  15  0:35  Refinery  
  15  0:38  SCV  
  16  0:43  Barracks  
  16  0:50  SCV  
  17  1:02  SCV  
  18  1:15  SCV  
  19  1:31  Reaper, Orbital Command  
  20  1:41  Command Center  
  20  1:55  Factory  
  20  1:56  SCV  
  20  2:01  Refinery  
  21  2:08  SCV  
  21  2:10  Supply Depot  
  21  2:12  Barracks Reactor  
  22  2:20  SCV  
  23  2:31  Engineering Bay  
  23  2:33  SCV  
  24  2:39  Cyclone  
  27  2:45  SCV  
  27  2:48  Marine x2  
  30  2:57  Missile Turret  
  30  2:59  Orbital Command  
  29  3:07  SCV  
  25  3:19  SCV  
  26  3:26  Cyclone  
  28  3:28  SCV  
  28  3:33  SCV  
  30  3:34  Marine  
  30  3:36  Marine  
  32  3:43  SCV  
  32  3:45  SCV  
  34  3:52  Marine  
  34  3:54  Marine  
  34  3:55  SCV  
  36  3:57  SCV  
  36  3:59  Factory Tech Lab  
  36  4:00  Starport  
  39  4:10  Marine  
  39  4:11  Marine, Bunker  
  39  4:18  Supply Depot  
  39  4:22  Siege Tank  
  42  4:24  Liberator  
  42  4:28  Marine  
  42  4:29  SCV, Marine  
  42  4:31  SCV  
  43  4:39  Orbital Command  
  46  4:46  Marine  
  46  4:47  Supply Depot, Marine  
  48  4:57  Supply Depot, SCV  
  49  5:06  Orbital Command  
  49  5:07  Marine x2, Siege Tank  
  49  5:10  SCV  
  55  5:19  Barracks  
  55  5:22  SCV  
  56  5:28  Bunker  
  56  5:37  SCV x2  
  56  5:39  Marine x2  
  60  5:44  Barracks  
  60  5:46  Factory Tech Lab  
  60  5:49  SCV  
  60  5:53  SCV  
  60  5:56  Missile Turret  
  61  6:01  SCV  
  62  6:05  SCV, Marine x2  
  62  6:07  Starport Reactor  
  65  6:13  SCV  
  65  6:15  Supply Depot  
  65  6:17  SCV  
  67  6:21  Stimpack  
  67  6:23  Terran Infantry Weapons Level 1  
  67  6:25  SCV  
  67  6:30  Marauder  
  67  6:31  Factory Reactor  
  70  6:36  Supply Depot  
  70  6:37  SCV, Marine  
  72  6:41  SCV  
  72  6:45  Supply Depot, Combat Shields  
  73  6:49  Marauder  
  73  6:51  Marauder  
  77  6:55  Refinery x2, Marine  
  77  6:57  Marine  
  77  6:59  SCV x2  
  81  7:05  Supply Depot  
  81  7:09  Widow Mine x2  
  81  7:11  Marauder  
  81  7:13  Marauder, Marine  
  81  7:15  Marine  
  91  7:19  Medivac  
  93  7:23  Supply Depot  
  93  7:28  Medivac, Supply Depot  
  95  7:31  Marine  
  95  7:33  Marine  
  97  7:37  Supply Depot  
  97  7:38  Widow Mine, Marauder  
  97  7:44  Widow Mine, Marauder  
  101  7:49  Marine  
  101  7:50  Marine  
  107  7:51  Medivac  
  109  7:58  Medivac  
  109  8:04  Marauder  
  113  8:05  Marine  
  113  8:07  Marine  
  112  8:13  Widow Mine x2  
  112  8:14  Marine  
  112  8:18  Supply Depot, Concussive Shells  
  112  8:19  Supply Depot  
  117  8:24  Marauder, Marine  
  117  8:25  Marauder  
  122  8:32  Marine  
  119  8:42  Marine  
  119  8:45  Marauder  
  119  8:46  Medivac x2, Marauder  
  119  8:47  Widow Mine  
  130  8:48  Widow Mine  
  130  8:49  Marine  
  129  9:00  Marine  
  109  9:06  Marauder  
  109  9:07  Marine  
  109  9:08  Marauder  
  108  9:14  SCV  
  108  9:15  SCV  
Tags
 
Add a new tag
Caveats
  • Supply blocks, unpowered buildings, or Contaminate may cause inaccurate times.
  • Supply counts are checked every 10 seconds.